AoeStats
← 青山新雨 夜观星河

MegaRandom

508215516Analyzed
4v4 RM · 12d ago on Sep 21, 2026· 25m 26s· 8 players
Game mode
Random Map
Map size
Large (8 player)
Population
200
Speed
Normal
Resources
Standard
Victory
Conquest
Starting age
Dark Age
Ending age
Imperial Age
RankedLock teamsTeams togetherTeam positionsShared explorationLock speedFull tech treeHidden civsTurbo modeCheats
Victory
Defeat
🇺🇸 Ethiopians · United States
1144
+15
🇪🇸 Hindustanis · Spain
1139
+16
🇦🇷 Mongols · Argentina
1106
+17
🇦🇷 Persians · Argentina
1103
+17
🇨🇳 Franks · China
1169
-18
🇨🇳 Italians · China
1138
-17
🇰🇷 Cumans · South Korea
1105
-15
1103
-15
寻找迷失的爱
0:33 Loom
青山新雨 夜观星河
5:40 Loom
12:16 Feudal Age
18:16 Castle Age
19:14 Pikeman
SHK
2:07 Loom
10:56 Feudal Age
13:34 Wheelbarrow
14:06 Double-Bit Axe
18:44 Horse Collar
21:01 Gold Mining
25:21 Castle Age
cihuncihome
SwedenBirdieSkaggs236
0:45 Loom
14:03 Feudal Age
16:37 Gold Mining
16:33 Double-Bit Axe
17:31 Fletching
17:41 Padded Archer Armor
19:02 Horse Collar
23:14 Castle Age
24:06 Thumb Ring
23:22 Crossbowman
25:22 Bodkin Arrow
Jesuseitor18
6:47 Loom
9:22 Feudal Age
19:38 Forging
22:25 Castle Age
21:21 Bloodlines
22:39 Scale Barding Armor
23:43 Iron Casting
23:10 Light Cavalry
24:40 Husbandry
lalooaloonso
0:40 Loom
11:34 Feudal Age
12:21 Horse Collar
14:05 Double-Bit Axe
20:55 Castle Age
21:44 Bloodlines
21:41 Scale Barding Armor
22:05 Forging
FaKuuuu
0:33 Loom
9:25 Feudal Age
10:55 Double-Bit Axe
14:04 Horse Collar
18:16 Gold Mining
21:03 Castle Age
19:25 Scale Barding Armor
21:11 Bloodlines
21:31 Forging
22:07 Chain Barding Armor
Connection lost

Rejoining the realm…

Still unreachable

The connection could not be restored.

Session expired

The server has moved on; the page needs a fresh start.